 Dungeon Crawl Stone Soup version 0.32-a0-42-ga30500b4d3 (webtiles) character file.

Game seed: 8070993464127636732

834 Dordric the Magician (level 7, -3/50 (59) HPs)
             Began as an Oni Alchemist on Jan 27, 2024.
             Hit by a stone thrown by a wight (5 damage)
             ... on level 5 of the Dungeon.
             The game lasted 00:09:33 (5414 turns).

Dordric the Magician (Oni Alchemist)                Turns: 5414, Time: 00:09:33

HP:   -3/50 (59)    AC:  4    Str: 15    XL:     7   Next: 98%
MP:   3/5           EV:  9    Int: 16    God:
Gold: 366           SH:  0    Dex:  9    Spells: 14/20 levels left

rFire   . . .        d - +8 spear "Zinonon" {antimagic, Will+ SInv}
rCold   . . .        (no shield)
rNeg    . . .        a - +0 robe
rPois   .            (helmet restricted)
rElec   .            n - +0 cloak
rCorr   .            (gloves unavailable)
SInv    +            (boots unavailable)
Will    ++...        (no amulet)
Stlth   +            k - ring of willpower
HPRegen 0.28/turn    (no ring)
MPRegen 0.09/turn

%: no passive effects
@: heavily drained
A: large, unfitting armour, horns 1, tough skin 1, double potion healing,
drunken brawling
a: no special abilities


You were on level 5 of the Dungeon.
You visited 1 branch of the dungeon, and saw 5 of its levels.

You collected 366 gold pieces.

Inventory:

Hand Weapons
 d - the +8 spear "Zinonon" (weapon) {antimagic, Will+ SInv}
   (You found it on level 3 of the Dungeon)

   Will+:     It increases your willpower.
   SInv:      It lets you see invisible.
 h - a +2 dagger of venom
 u - a +0 giant spiked club
Armour
 a - a +0 robe (worn)
 n - a +0 cloak (worn)
Jewellery
 k - a ring of willpower (left hand)
 y - a ring of fire
Wands
 z - a wand of flame (19)
Scrolls
 g - 3 scrolls of teleportation
 j - a scroll of noise
 l - 2 scrolls of fear {unknown}
 r - a scroll of immolation {unknown}
 s - 2 scrolls of identify
 w - a scroll of fog {unknown}
 x - 2 scrolls of enchant weapon {unknown}
Potions
 b - a potion of magic
 c - 4 potions of curing {unknown}
 e - a potion of enlightenment {unknown}
 f - 2 potions of ambrosia {unknown}
 i - 3 potions of heal wounds {unknown}
 m - a potion of lignification {unknown}
 o - a potion of resistance {unknown}
 p - a potion of attraction {unknown}
 q - a potion of degeneration {unknown}
 t - a potion of berserk rage {unknown}
 v - a potion of might {unknown}


   Skills:
 - Level 1.7 Dodging
 - Level 1.4 Stealth
 + Level 7.1 Spellcasting
 - Level 0.8 Conjurations
 + Level 6.2 Alchemy


You had 14 spell levels left.
You knew the following spells:

 Your Spells              Type           Power      Damage    Failure   Level
a - Sting                 Conj/Alch      68%        1d7       2%          1
b - Mercury Vapours       Alch/Air       30%        N/A       5%          2
c - Mephitic Cloud        Conj/Alch/Air  13%        N/A       14%         3

Your spell library contained the following spells:

 Spells                   Type           Power      Damage    Failure   Level
 Magic Dart               Conj           32%        1d4       9%          1
 Olgreb's Toxic Radiance  Alch           25%        N/A       10%         4
 Freeze                   Ice            20%        1d4       12%         1
 Blink                    Tloc           10%        N/A       19%         2
 Call Imp                 Summ           10%        N/A       19%         2
 Jinxbite                 Hex            10%        N/A       19%         2
 Hailstorm                Conj/Ice       7%         3d5       30%         3
 Sticky Flame             Fire/Alch      15%        2d5       34%         4
 Frozen Ramparts          Ice            10%        1d2       36%         3
 Yara's Violent Unravell  Hex/Alch       7%         3d5       67%         5
 Cause Fear               Hex            2%         N/A       77%         4
 Fireball                 Conj/Fire      3%         3d4       96%         5
 Enfeeble                 Hex            2%         N/A       100%        7
 Dragon's Call            Summ           2%         N/A       100%        9


Dungeon Overview and Level Annotations

Branches:
Dungeon (5/15)
 Temple: D:4-7

Altars:
Cheibriados

Shops:
D:3 (   D:4 *   D:5 :


Innate Abilities, Weirdness & Mutations

You are too large for most types of armour.
You have a pair of small horns on your head.
You have tough skin. (AC +1)
You gain doubled healing and magic from potions.
Whenever you drink a healing potion, you attack all around you.


Message History

You now have 366 gold pieces (gained 10).
Items here: ( )) [[.
The wight throws a stone.
The stone hits you.
A wight is nearby!
The sting hits the wight but does no damage.
The sting hits the wight.
The wight partially resists.
The wight is lightly damaged.
The sting hits the wight but does no damage.
The wight is lightly damaged.
The wight hits you with a +2 dire flail!
You feel drained.
You hit the wight.
The wight is heavily damaged.
The wight closely misses you.
You hit the wight.
The wight is severely damaged.
The wight barely misses you.
You barely miss the wight.
The wight is severely damaged.
The wight hits you with a +2 dire flail.
You closely miss the wight.
The wight is severely damaged.
The wight hits you with a +2 dire flail!
You feel drained.
You are too injured to fight recklessly!
You are too injured to fight recklessly!
You are too injured to fight recklessly!
You are too injured to fight recklessly!
A wight is nearby!
A wight is nearby!
You hit the wight. Your headbutt misses the wight.
The wight is almost destroyed.
The wight barely misses you.
The wight hits you with a +2 dire flail!
* * * LOW HITPOINT WARNING * * *
You feel drained.
* * * LOW HITPOINT WARNING * * *
The wight throws a stone.
The stone barely misses you.
The wight throws a stone.
The stone hits you.
You die...

.......< #..##.##.#...#.# ###
......# #..#...#.......###..
......# #............#.....#
......# #..#....#...##...... ...#
#..##.....#........# ##.#
#......#.....##....#
.#.###########.#.##...#....#....#
.#>..∩.......#...#............#.#
.#.##....###.#.#@......#..^#..#.#
.#.#<#.......z...#...#.##.##.....
.#.#...#.##..#.#.##.##...........
.#.#####.##..#.#.......#.....<...
.#.. ......#.#.#######.........
.########.#....#.#######.........
.###........##........##.........
......................##.........
.###..................##.........


You could see a wight.

Vanquished Creatures
  A black bear (D:4)
  2 ogres
  2 scorpions (D:4)
  2 wights (D:5)
  A hound (D:5)
  A jelly (D:5)
  2 iguanas
  Natasha (thrice) (D:2)
  A gnoll (D:2)
  4 adders
  A white imp (D:5)
  A ribbon worm (D:4)
  16 orcs
  12 endoplasms
  4 giant cockroaches
  9 goblins
  14 hobgoblins
  2 quokkas
  5 ball pythons
  7 bats
  A frilled lizard (D:1)
  11 kobolds
  4 rats
106 creatures vanquished.

Notes
Turn   | Place    | Note
-------+----------+-------------------------------------------
     0 | D:1      | Dordric the Oni Alchemist began the quest for the Orb.
     0 | D:1      | Reached XP level 1. HP: 16/16 MP: 3/3
   223 | D:1      | Reached XP level 2. HP: 24/24 MP: 2/5
   397 | D:1      | Found a faded altar of an unknown god.
   502 | D:1      | Reached skill level 3 in Spellcasting
   877 | D:1      | Reached XP level 3. HP: 30/31 MP: 7/7
  1255 | D:2      | Learned a level 2 spell: Mercury Vapours
  1397 | D:2      | Noticed Natasha
  1405 | D:2      | Killed Natasha
  1406 | D:2      | Reached XP level 4. HP: 37/39 MP: 4/9
  1491 | D:2      | Noticed Natasha
  1495 | D:2      | Found a snail-covered altar of Cheibriados.
  1504 | D:2      | Killed Natasha
  1505 | D:2      | Reached skill level 4 in Spellcasting
  1960 | D:2      | Noticed Natasha
  1975 | D:2      | Killed Natasha
  1976 | D:2      | Reached XP level 5. HP: 38/45 MP: 6/11
  2314 | D:3      | Identified the +8 spear "Zinonon" {antimagic, Will+ SInv}
  2406 | D:3      | Found Daywint's Weapon Shop.
  3203 | D:4      | Noticed an ogre
  3210 | D:3      | Learned a level 3 spell: Mephitic Cloud
  3221 | D:4      | Killed an ogre
  3222 | D:4      | Reached skill level 5 in Spellcasting
  3222 | D:4      | Reached XP level 6. HP: 53/53 MP: 1/13
  3444 | D:4      | Found Sehoheut's General Store.
  4056 | D:4      | Reached skill level 5 in Alchemy
  4159 | D:4      | Reached XP level 7. HP: 32/59 MP: 5/15
  4397 | D:4      | Reached skill level 6 in Spellcasting
  4645 | D:5      | Entered Level 5 of the Dungeon
  4645 | D:5      | Found Ysux Jiy's Book Shop.
  5132 | D:5      | Reached skill level 7 in Spellcasting
  5136 | D:5      | HP: 2/55 [wight/+2 trident of freezing (2)]
  5411 | D:5      | HP: 1/50 [wight/+2 dire flail (5)]
  5414 | D:5      | Hit by a stone thrown by a wight

Illustrated notes

Levels and vault maps discovered:
D:1:      amcnicky_arrival_abandoned_market, layout_loops_ring,
          basic_ecumenical_altar, chequers_serial_rivers_micro_e,
          minmay_gold_behind_fungi, st_stairs_5
D:2:      layout_basic, basic_altar, minmay_door_square, minivault_5,
          minmay_hexomino_r4, uniq_natasha
D:3:      layout_basic, serial_shops, nicolae_shop_bloodbath_and_beyond
D:4:      minmay_bubble_buster, layout_loops_ring, serial_shops,
          nicolae_shop_rolling_square
D:5:      layout_basic, gammafunk_temple_overflow_wave, serial_shops, shop,
          hangedman_decor_clover_reticule

Skill      XL: |  1  2  3  4  5  6  7 |
---------------+----------------------+-----
Alchemy        | 3 4 5 6 |  6.2
Spellcasting   | 3 4 5 7 |  7.1
Dodging        | |  1.7
Stealth        | |  1.4
Conjurations   | |  0.8

Action                     |  1- 3 |  4- 6 |  7- 9 || total
---------------------------+-------+-------+-------++-------
  Melee: Unarmed           |     9 |       |       ||     9
         Dagger            |    23 |    82 |    62 ||   167
         Headbutt          |     4 |    15 |    12 ||    31
         Punch             |     1 |     1 |       ||     2
         Spear             |       |    30 |    15 ||    45
   Cast: Sting             |    29 |    43 |    18 ||    90
         Mercury Vapours   |     3 |     4 |       ||     7
         Mephitic Cloud    |       |     3 |     5 ||     8
    Use: Scroll            |       |     2 |       ||     2
   Stab: Sleeping          |       |     5 |       ||     5
         Confused          |       |     1 |       ||     1
 Armour: Robe              |    31 |    69 |    61 ||   161
  Dodge: Dodged            |    14 |    42 |    45 ||   101

Table legend: (Time is in decaauts)
 A = Elapsed time spent in this place.
 B = Non-inter-level travel time spent in this place.
 C = Inter-level travel time spent in this place.
 D = Time resting spent in this place.
 E = Time spent auto-exploring this place.
 F = Levels seen in this place.
 G = Mean time per level.
                   A        B        C        D        E       F      G
               +--------+--------+--------+--------+--------+-----+--------+
         Total |   5428 |   5292 |    136 |    360 |   4069 |   5 | 1085.6 |
       Dungeon |   5428 |   5292 |    136 |    360 |   4069 |   5 | 1085.6 |
               +--------+--------+--------+--------+--------+-----+--------+

Top non-repeatable levels by time:
     D:3: 1357 daAuts
     D:1: 1143 daAuts
     D:4: 1133 daAuts
     D:2: 1024 daAuts
     D:5: 769 daAuts
